Map: Triton LE

Players

PiLiPiLi - Winner!

  • Race: Terran Terran
  • League: Grandmaster
  • Spawn Location: 5:00

ViBE

  • Race: Terran Terran
  • League: Master
  • Spawn Location: 11:00

VOD

Have the link to the VOD?

Description

Time

  • Played on: Dec. 27, 2019, 12:21 a.m.
  • Length: 8:59
Show
View Real Time Build Order
Export as new Build Order

PiLiPiLi Terran - Winner!

Build Orders: Gas First Reaper Expand 

Get SALT Encoding   

  12  0:01  SCV  
  13  0:13  SCV  
  14  0:17  Supply Depot  
  14  0:25  SCV  
  15  0:29  Refinery  
  15  0:39  SCV  
  16  0:44  Barracks  
  16  0:51  SCV  
  17  1:03  SCV  
  18  1:15  SCV  
  19  1:31  Orbital Command  
  19  1:33  Reaper  
  20  1:44  Command Center  
  20  1:52  Factory  
  20  1:56  SCV  
  21  2:04  Supply Depot  
  21  2:08  SCV, Reaper  
  23  2:16  Refinery  
  23  2:26  SCV  
  24  2:36  Hellion  
  26  2:38  SCV  
  26  2:44  Starport  
  27  2:50  SCV  
  28  2:52  Barracks Tech Lab  
  28  2:56  Orbital Command  
  28  3:00  Hellion  
  28  3:04  SCV  
  31  3:16  SCV  
  32  3:22  SCV  
  32  3:27  Barracks Reactor  
  33  3:28  SCV  
  33  3:38  SCV  
  31  3:49  SCV  
  31  3:50  Banshee  
  31  3:52  Factory Tech Lab  
  35  3:59  SCV  
  36  4:03  SCV  
  36  4:04  Cloaking Field  
  36  4:08  Supply Depot  
  36  4:09  Marine x2  
  37  4:11  SCV  
  37  4:13  Refinery  
  37  4:15  SCV  
  37  4:16  Refinery  
  39  4:17  Supply Depot  
  39  4:18  Siege Tank  
  39  4:22  Supply Depot  
  39  4:24  SCV  
  43  4:28  SCV  
  44  4:33  Marine x2, Banshee  
  44  4:36  SCV  
  50  4:38  Barracks  
  50  4:40  SCV, Barracks  
  50  4:41  Engineering Bay  
  51  4:48  SCV  
  51  4:50  Siege Tank  
  51  4:52  SCV, Marine x2  
  58  5:00  SCV  
  58  5:04  SCV  
  60  5:10  Marine x2  
  60  5:12  SCV  
  63  5:15  Supply Depot  
  63  5:21  Raven  
  63  5:22  Siege Tank  
  63  5:28  Marine x2  
  70  5:36  Barracks Tech Lab x2  
  70  5:37  SCV  
  70  5:40  Supply Depot, Terran Infantry Weapons Level 1  
  70  5:41  Missile Turret, Supply Depot x2  
  71  5:43  Missile Turret  
  71  5:48  Missile Turret  
  68  5:58  Combat Shield  
  68  5:59  Stimpack, Siege Tank  
  68  6:15  Marine x3  
  68  6:16  Barracks, Marauder  
  73  6:20  Starport Reactor  
  73  6:33  Command Center  
  73  6:34  Marauder  
  75  6:43  Marine x2, Marauder  
  75  6:45  Siege Tank  
  82  6:55  Marauder  
  80  7:03  Marine x2  
  80  7:04  Marine  
  80  7:07  Marine, Viking x2  
  85  7:14  Supply Depot  
  85  7:17  SCV x2, Marauder  
  85  7:21  Marine  
  85  7:22  Concussive Shells, Marauder  
  92  7:23  Marine  
  92  7:24  Siege Tank  
  92  7:26  Marauder  
  92  7:29  SCV x2  
  100  7:32  Supply Depot  
  100  7:37  Marine  
  100  7:43  Marauder  
  102  7:44  Marine  
  102  7:45  Marine  
  102  7:47  Marauder  
  106  7:56  Marauder  
  111  7:58  Siege Tank  
  111  8:01  Viking x2  
  111  8:02  Marine, Orbital Command  
  116  8:21  Starport  
  119  8:50  Barracks x2  
Show
View Real Time Build Order
Export as new Build Order

ViBE Terran 

Build Orders: Reaper Expand 

Get SALT Encoding   

  12  0:00  SCV  
  13  0:12  SCV  
  14  0:17  Supply Depot  
  14  0:24  SCV  
  15  0:39  SCV  
  15  0:42  Barracks  
  16  0:45  Refinery  
  16  0:51  SCV  
  18  1:04  SCV  
  18  1:16  SCV  
  19  1:29  Orbital Command  
  19  1:30  Reaper  
  20  1:44  Command Center  
  20  1:55  Supply Depot  
  20  1:56  SCV  
  21  2:08  SCV  
  22  2:09  Marine  
  22  2:10  Factory  
  23  2:20  SCV  
  24  2:25  Refinery  
  24  2:29  Barracks Reactor  
  24  2:32  SCV  
  25  2:44  SCV  
  26  2:55  Factory Tech Lab  
  26  2:56  SCV  
  26  2:57  Orbital Command  
  26  2:58  Bunker  
  27  3:07  Marine x2  
  27  3:08  SCV  
  27  3:09  Starport  
  30  3:21  SCV  
  30  3:24  Marine  
  30  3:25  Marine  
  31  3:34  SCV  
  31  3:37  SCV  
  32  3:46  SCV  
  32  3:49  SCV  
  32  3:53  Marine x2  
  32  3:55  Siege Tank  
  38  3:58  SCV  
  38  4:01  SCV  
  40  4:11  SCV  
  40  4:13  SCV, Starport Reactor  
  40  4:15  Marine x2  
  44  4:23  SCV  
  45  4:25  SCV  
  46  4:32  Command Center  
  46  4:41  Supply Depot  
  46  4:42  Marine x2, SCV x2, Siege Tank  
  46  4:43  Supply Depot  
  53  4:52  Barracks  
  53  4:53  Barracks  
  53  4:54  SCV  
  54  5:02  Supply Depot  
  54  5:03  Marine x2, SCV  
  54  5:06  SCV  
  62  5:12  Supply Depot  
  61  5:14  Viking  
  61  5:15  Viking  
  61  5:20  SCV x2  
  62  5:24  Engineering Bay  
  62  5:25  Engineering Bay  
  62  5:29  Supply Depot  
  60  5:35  Marine  
  60  5:36  Marine  
  60  5:37  Siege Tank  
  60  5:41  Barracks Tech Lab x2  
  65  5:43  Orbital Command  
  65  5:44  SCV  
  65  5:45  SCV  
  66  5:54  Refinery  
  66  5:55  Refinery  
  65  5:58  Marine x2  
  65  5:59  Marine x2  
  68  6:10  SCV x2  
  66  6:12  Terran Infantry Weapons Level 1, Terran Infantry Armor Level 1  
  66  6:13  Combat Shield, Stimpack  
  66  6:18  SCV, Missile Turret x2  
  67  6:22  SCV x2  
  69  6:27  Orbital Command  
  69  6:34  SCV x2  
  69  6:37  Sensor Tower  
  69  6:38  Marine x3  
  69  6:39  Armory  
  74  6:40  Marine  
  74  6:46  SCV  
  74  6:47  SCV  
  76  6:59  SCV  
  68  7:02  Marine x4  
  68  7:03  Siege Tank  
  74  7:11  SCV  
  74  7:12  SCV  
  76  7:17  Medivac x2  
  76  7:20  Marine x4, Orbital Command  
  84  7:24  SCV x2  
  86  7:36  SCV  
  85  7:42  SCV, Sensor Tower  
  86  7:46  SCV  
  86  7:48  SCV  
  86  7:49  Viking x2  
  86  7:50  Marine x4  
  96  7:55  SCV  
  94  7:59  SCV  
  94  8:04  Siege Tank  
  98  8:07  SCV x2, Marine  
  101  8:21  Barracks  
  101  8:22  Barracks x2  
  101  8:35  Refinery x2  
  101  8:36  Marine x3  
  101  8:37  Marine, Supply Depot x2  
  101  8:39  Supply Depot  
  101  8:40  Supply Depot  
Tags
 
Add a new tag
Caveats
  • Supply blocks, unpowered buildings, or Contaminate may cause inaccurate times.
  • Supply counts are checked every 10 seconds.